AoeStats
← Miss_Mulberry

Arabian Desert

510504846Analyzed
1v1 RM · 1d ago on Oct 1, 2026· 40m 44s· 2 players
Game mode
Random Map
Map size
Tiny (2 player)
Population
200
Speed
Normal
Resources
Standard
Victory
Conquest
Starting age
Dark Age
Ending age
Imperial Age
RankedLock teamsTeams togetherTeam positionsShared explorationLock speedFull tech treeHidden civsTurbo modeCheats
Victory
Defeat
🇫🇷 Teutons · France
924
+17
🇩🇪 Magyars · Germany
937
-17
Fiascololo_-
4:38 Loom
10:55 Feudal Age
12:10 Wheelbarrow
11:28 Double-Bit Axe
14:10 Town Watch
18:22 Castle Age
16:54 Horse Collar
19:49 Bow Saw
20:32 Forging
21:09 Heavy Plow
23:59 Iron Casting
25:20 Squires
28:15 Bloodlines
28:40 Hand Cart
29:54 Scale Barding Armor
32:26 Imperial Age
30:29 Town Watch
31:27 Chain Barding Armor
33:27 Town Patrol
34:33 Cavalier
36:37 Conscription
38:30 Blast Furnace
38:06 Plate Barding Armor
Miss_Mulberry
7:42 Loom
10:13 Feudal Age
13:13 Double-Bit Axe
24:39 Castle Age
22:36 Fletching
25:06 Wheelbarrow
24:18 Town Watch
24:30 Gold Mining
24:43 Crossbowman
25:22 Bodkin Arrow
29:26 Thumb Ring
34:13 Padded Archer Armor
38:30 Imperial Age
Connection lost

Rejoining the realm…

Still unreachable

The connection could not be restored.

Session expired

The server has moved on; the page needs a fresh start.